 Adventure DCSS version bcrawl-1.36 (webtiles) character file.

Game seed: 7330211615978307921

429550 inmateoo the Severer (level 16, -1/149 HPs)
             Began as a Minotaur Fighter on Apr 10, 2022.
             Was the Champion of Okawaru.
             Slain by an entropy weaver (6 damage)
             ... on level 2 of the Spider Nest.
             The game lasted 00:29:57 (29875 turns).

inmateoo the Severer (Minotaur Fighter)            Turns: 29875, Time: 00:29:59

Health: -1/149     AC: 25    Str: 28    XL:     16   Next: 4%
Magic:  21/21      EV:  7    Int:  5    God:    Okawaru [******]
Gold:   585        SH: 21    Dex: 13    Spells: 15/15 levels left
                                        Lives:  0   Deaths: 2

rFire    + . .     SeeInvis .   R - +8 broad axe (venom)
rCold    + . .     Gourm    .   D - +0 large shield {rPois}
rNeg     . . .     Faith    .   g - +1 chain mail {MR+}
rPois    +         Spirit   .   Y - +2 hat {MR+}
rElec    .         Reflect  .   F - +0 cloak
rCorr    .                      T - +2 pair of gloves {Dex+3}
MR       +++..                  S - +2 pair of boots {run}
Stlth    ..........             G - amulet of the acrobat
HPRegen  0.34/turn              l - ring of protection from fire
MPRegen  0.17/turn              t - ring of protection from cold

@: about to teleport, quick
A: retaliatory headbutt, horns 2
a: Heroism, Finesse, Renounce Religion


You were on level 2 of the Spider Nest.
You worshipped Okawaru.
Okawaru was exalted by your worship.
You were not hungry.

You visited 6 branches of the dungeon, and saw 25 of its levels.
You also visited: Sewer and Ice Cave.

You collected 2373 gold pieces.
You spent 1788 gold pieces at shops.

Inventory:

Hand Weapons
 I - the +6 broad axe of Noon {protect, +Blink rPois Str+2}
   (Okawaru gifted it to you on level 10 of the Dungeon)

   It grants its wielder temporary protection when it strikes (+7 to AC).
   It affects your strength (+2).
   It protects you from poison.
   It lets you blink.
 R - a +8 broad axe of venom (weapon)
Missiles
 E - a throwing net {=f}
Armour
 g - a +1 chain mail of magic resistance (worn)
 D - a +0 large shield of poison resistance (worn)
 F - a +0 cloak (worn)
 S - a +2 pair of boots of running (worn)
 T - a +2 pair of gloves of dexterity (worn)
 W - the +1 plate armour of Anoolaymm {rF+}
   (You found it on level 2 of the Lair of Beasts)

   It protects you from fire.
 Y - a +2 hat of magic resistance (worn)
 Z - a +2 hat of see invisible
Jewellery
 c - an uncursed ring of resist corrosion
 l - a ring of protection from fire (left hand)
 t - a ring of protection from cold (right hand)
 z - a cursed ring of insulation
 G - an amulet of the acrobat (around neck)
 N - an uncursed ring of protection from cold
Wands
 m - a wand of enslavement (5)
 s - a wand of clouds (1)
 u - a wand of disintegration (24)
 A - a wand of polymorph (17)
 L - a wand of paralysis (11)
 P - a wand of digging (8)
Scrolls
 i - 5 scrolls of identify
 r - 6 scrolls of immolation
 v - 12 scrolls of teleportation
 w - 8 scrolls of remove curse
 B - 3 scrolls of amnesia
 H - 2 scrolls of blinking
 J - 3 scrolls of enchant armour
 O - a scroll of fog
 Q - 2 scrolls of fear
 U - a scroll of magic mapping
Potions
 b - 8 potions of flight
 d - 9 potions of might
 f - 4 potions of mutation
 h - 12 potions of curing
 j - 5 potions of brilliance
 n - 3 potions of invisibility
 o - 2 potions of berserk rage
 q - 5 potions of agility
 x - 2 potions of haste
 C - 3 potions of cancellation
 K - a potion of ambrosia
 M - 3 potions of magic
 V - 3 potions of heal wounds
 X - 3 potions of resistance
Miscellaneous
 a - a phial of floods
 p - a lamp of fire
 y - a sack of spiders
Comestibles
 e - 37 rations {!d}


   Skills:
 + Level 15.1 Fighting
 * Level 20.1 Axes
 + Level 15.2 Armour
 + Level 7.7 Dodging
 + Level 15.2 Shields
 - Level 8.0 Invocations
 + Level 6.5 Evocations


You had 15 spell levels left.
You didn't know any spells.
Your spell library contained the following spells:

 Spells                   Type           Power        Failure   Level  Hunger
 Apportation              Tloc           #.....       100%        1    None
 Beastly Appendage        Tmut           #.....       100%        1    None
 Blink Other              Tloc           #.....       100%        1    None
 Magic Dart               Conj           #...         100%        1    None
 Blink                    Tloc           N/A          100%        2    ####...
 Call Imp                 Summ           #.....       100%        2    ####...
 Passwall                 Tmut/Erth      #.......     100%        2    ####...
 Sticks to Snakes         Tmut           #.......     100%        2    ####...
 Conjure Flame            Conj/Fire      #.......     100%        3    #####..
 Mephitic Cloud           Conj/Pois/Air  #.......     100%        3    #####..
 Portal Projectile        Tloc           #.....       100%        3    #####..
 Spider Form              Tmut/Pois      #..          100%        3    #####..
 Teleport Other           Tloc           #.......     100%        3    #####..
 Agony                    Necr           #.......     100%        4    ######.
 Cause Fear               Hex            #.........   100%        4    ######.
 Force Lance              Tloc           #.......     100%        4    ######.
 Ice Form                 Ice/Tmut       #.......     100%        4    ######.
 Petrify                  Tmut/Erth      #.........   100%        4    ######.
 Tree Form                Hex/Tmut       N/A          100%        4    ######.
 Yara's Violent Unravell  Hex/Tmut       #.........   100%        4    ######.
 Blade Hands              Tmut           #.........   100%        5    #######
 Metabolic Englaciation   Hex/Ice        #.........   100%        5    #######
 Passage of Golubria      Tloc           N/A          100%        5    #######
 Bolt of Cold             Conj/Ice       #.........   100%        6    #######
 Freezing Cloud           Ice/Air        #.........   100%        6    #######
 Ozocubu's Refrigeration  Ice            #.........   100%        6    #######
 Simulacrum               Ice/Necr       #.........   100%        6    #######


Dungeon Overview and Level Annotations

Branches:
Dungeon (12/12)            Temple (1/1) D:7            Lair (6/6) D:8
  Swamp (0/3) Lair:4       Spider (2/3) Lair:2        Slime (0/5) Lair:6
    Orc (1/1) D:9             Elf (0/3) Orc          Vaults (3/3) D:12
  Crypt (0/2) Vaults:1     Depths (0/5) D:12

Altars:
Ashenzari
Dithmenos
Elyvilon
Fedhas
Gozag
Hepliaklqana
Kikubaaqudgha
Lugonu
Nemelex Xobeh
Okawaru
Qazlal
Ru
Sif Muna
Uskayaw
Vehumet
Wu Jian
Xom
Yredelemnul
Zin
The Shining One
Jiyva

Shops:
D:6 =   D:8 ?}*}(   D:9 *   D:10 =   D:11 ?   Orc }*(:[   Vaults:1 }
Vaults:2 *

Portals:
Trove: D:8 (give +4 demon whip)

Annotations:
Lair:6 exclusion: oklob plant


Innate Abilities, Weirdness & Mutations

You reflexively headbutt those who attack you in melee.
You have a pair of horns on your head.


Message History

The entropy weaver hits you!
* * * LOW HITPOINT WARNING * * *
You block the entropy weaver's attack. You block the demonic crawler's attack.
The demonic crawler hits you.
* * * LOW HITPOINT WARNING * * *
The demonic crawler hits you.
* * * LOW HITPOINT WARNING * * *
The entropy weaver hits you!
* * * LOW HITPOINT WARNING * * *
You block the entropy weaver's attack. The entropy weaver hits you.
* * * LOW HITPOINT WARNING * * *
The entropy weaver hits you!
* * * LOW HITPOINT WARNING * * *
As you read the scroll of teleportation, it crumbles to dust.
You feel strangely unstable.
You block the demonic crawler's attack. x3
The entropy weaver hits you.
* * * LOW HITPOINT WARNING * * *
The entropy weaver hits you but does no damage.
The entropy weaver hits you.
You die...

###...## #................
#.....# ##...........###
...^..# #....s...†[†##..
...#.## ##.......a.†......
.###.## ##...a..#...###..
..^##.######s##s..#.......
#.####.......#####....###.#
#.# #.######s####...... #
..## #.# ##.#@........
...###.# #asa.....###
.....#.# #.....s....
#.^...## ##.........#
.......# ##..(........
#......# #............
##....## ###............
####.####.....#........
#.#................


You could see 2 entropy weavers, a demonic crawler and an orb spider.

Vanquished Creatures
  The ghost of tronn the Basher, an adept SDSk of the Shining One (Vaults:2)
  Kirke (D:11)
  Agnes (D:12)
  A fire giant (Vaults:2)
  An orc warlord (D:7)
  A vault warden (Vaults:2)
  3 emperor scorpions
  An ironheart preserver (Vaults:2)
  10 very ugly things
  5 dire elephants
  An ettin (D:12)
  2 yaktaur captains
  Harold (D:8)
  An ice dragon (Vaults:1)
  3 centaur warriors (Vaults:2)
  2 two-headed ogres
  8 hydras
  2 ogre magi
  14 vault guards
  A great orb of eyes (Vaults:2)
  An alligator (Lair:6)
  An orc high priest (Orc)
  A catoblepas (Lair:3)
  2 death knights (D:11)
  A two-headed ogre (shapeshifter) (Vaults:1)
  11 death yaks
  2 ironheart beastmasters
  A deep elf knight (D:12)
  An unseen horror (D:11)
  A wizard (Vaults:1)
  A flayed ghost (Vaults:2)
  A glowing orange brain (Vaults:1)
  A wolf spider zombie (D:12)
  Pikel (D:3)
  A phantasmal warrior (D:12)
  9 ironheart convokers
  2 cyclopes
  2 lindwurms (Lair:6)
  5 orc knights
  9 wolf spiders
  5 orb spiders
  7 ugly things
  2 manticores
  7 orc sorcerers
  Joseph (D:7)
  A moth of wrath (Spider:1)
  5 black mambas
  2 elephants (Lair:6)
  3 ice statues (IceCv)
  3 torpor snails
  5 vault sentinels
  2 centaur zombies
  4 centaur skeletons
  17 cane toads
  4 kobold demonologists
  5 rime drakes
  An efreet (D:12)
  An eye of draining (D:11)
  3 freezing wraiths
  6 demonic crawlers
  4 komodo dragons
  23 yaktaurs
  A yaktaur (shapeshifter) (Vaults:2)
  3 meliai (Spider:1)
  11 jumping spiders
  6 trolls
  4 bog bodies (Lair:4)
  23 blink frogs
  Prince Ribbit (D:6)
  2 dream sheep (Lair:6)
  5 slime creatures (Vaults:2)
  6 hippogriffs
  13 redbacks
  A shadow (D:11)
  Grum (D:11)
  A vampire (D:12)
  A wraith (D:12)
  7 tarantellas
  5 wyverns
  10 basilisks
  42 yaks
  3 hogs (D:11)
  A steam dragon (D:9)
  2 wargs (Orc)
  A swamp worm (Lair:4)
  12 crocodiles
  9 water moccasins
  2 acid dragons
  24 orc warriors
  13 porcupines
  9 ice beasts
  2 phantoms
  2 sky beasts
  9 wolves
  A necrophage (D:10)
  3 boggarts (D:12)
  21 ogres
  5 centaurs
  8 bullfrogs
  6 big kobolds
  2 gnoll sergeants (D:9)
  2 scorpions
  A human simulacrum (Vaults:2)
  6 killer bees (D:8)
  9 wights
  10 orc priests
  An electric eel (Lair:4)
  5 crimson imps
  A quasit (D:7)
  2 jellies
  3 hounds
  12 orc wizards
  8 worker ants
  A hound skeleton (D:5)
  8 gnolls
  A river rat (D:5)
  14 adders
  2 howler monkey skeletons
  3 shadow imps
  2 oozes
  An adder zombie (D:5)
  2 adder skeletons
  6 worms
  3 dart slugs
  3 leopard geckos
  32 orcs
  8 bats
  3 giant cockroaches
  4 hobgoblins
  9 jackals
  23 kobolds
  5 quokkas
  5 ball pythons
  7 goblins
  3 goblin skeletons (D:7)
  2 goblin zombies (D:7)
  2 hobgoblin zombies (D:7)
  A kobold skeleton (D:7)
  A kobold zombie (D:7)
  An orc skeleton (D:7)
  An orc zombie (D:7)
  14 rats
  9 fungi
  5 plants (Lair:6)
744 creatures vanquished.

Vanquished Creatures (others)
  A human (D:11)
  A centaur (D:11)
  2 adders (D:4)
  A giant cockroach (D:4)
  A bush (D:8)
  8 fungi
  30 plants
44 creatures vanquished.

Grand Total: 788 creatures vanquished

Notes
Turn   | Place    | Note
-------+----------+-------------------------------------------
     0 | D:1      | inmateoo the Minotaur Fighter began the quest for the Orb.
     0 | D:1      | Reached XP level 1. HP: 19/19 MP: 0/0
   167 | D:1      | Reached XP level 2. HP: 15/27 MP: 1/1
   396 | D:1      | Reached skill level 3 in Axes
  1411 | D:2      | Reached XP level 3. HP: 33/33 MP: 2/2
  2270 | D:3      | Reached XP level 4. HP: 40/40 MP: 3/3
  2355 | D:3      | Noticed a phantom
  2383 | D:3      | Killed a phantom
  2384 | D:3      | Reached skill level 4 in Axes
  2384 | D:3      | Reached XP level 5. HP: 33/47 MP: 4/4
  2781 | D:4      | Noticed a slave
  2783 | D:4      | Noticed a slave
  2784 | D:4      | Noticed Pikel
  2787 | D:4      | Noticed a slave
  2788 | D:4      | Noticed a slave
  2963 | D:3      | Killed Pikel
  2964 | D:3      | Reached skill level 5 in Fighting
  2964 | D:3      | Reached skill level 6 in Axes
  2964 | D:3      | Reached skill level 5 in Armour
  2964 | D:3      | Reached skill level 5 in Shields
  2964 | D:3      | Reached XP level 6. HP: 45/56 MP: 5/5
  2964 | D:3      | Reached XP level 7. HP: 49/61 MP: 6/6
  3411 | D:4      | Reached skill level 7 in Axes
  3773 | D:5      | Entered Level 5 of the Dungeon
  3921 | D:5      | Found a glowing drain.
  3934 | Sewer    | Entered a sewer
  4152 | Sewer    | Reached XP level 8. HP: 61/70 MP: 7/7
  4482 | D:5      | Reached skill level 8 in Axes
  5147 | D:6      | Noticed a kobold demonologist
  5148 | D:6      | Noticed an orange demon
  5152 | D:6      | Noticed a hellwing
  5156 | D:6      | Killed a kobold demonologist
  5329 | D:6      | Reached skill level 9 in Axes
  5334 | D:6      | Found Ucesch's Jewellery Boutique.
  5440 | D:6      | Bought a cursed ring of insulation for 286 gold pieces
  5459 | D:6      | Noticed Prince Ribbit
  5463 | D:6      | Killed Prince Ribbit
  5464 | D:6      | Reached XP level 9. HP: 79/79 MP: 8/8
  5927 | D:7      | Noticed Joseph
  6112 | D:7      | Killed Joseph
  6113 | D:7      | Reached skill level 10 in Axes
  6247 | D:7      | Found a shimmering altar of Xom.
  6346 | D:7      | Found a staircase to the Ecumenical Temple.
  6459 | D:7      | Noticed a troll
  6473 | Temple   | Entered the Ecumenical Temple
  6665 | Temple   | Became a worshipper of Warmaster Okawaru
  6693 | D:7      | Killed a troll
  6881 | D:6      | Reached skill level 11 in Axes
  6891 | D:7      | Reached * piety under Okawaru
  6892 | D:7      | Reached XP level 10. HP: 71/90 MP: 9/9
  6957 | D:7      | Found an iron altar of Okawaru.
  7071 | D:7      | Found a glowing golden altar of the Shining One.
  7704 | D:8      | Noticed Harold
  7736 | D:8      | Killed from afar by Harold
  7737 | D:8      | Reached XP level 9. HP: 0/82 MP: 8/8
  7764 | D:8      | Reached skill level 1 in Invocations
  7798 | D:8      | Found Pebbaparu's Magic Scroll Boutique.
  7810 | D:8      | Reached ** piety under Okawaru
  7821 | D:8      | Bought a scroll of identify for 30 gold pieces
  7821 | D:8      | Bought a scroll of identify for 30 gold pieces
  7867 | D:8      | Found an opulent altar of Gozag.
  7885 | D:8      | Found Udiadiu's Gadget Shop.
  7885 | D:8      | Found a corrupted altar of Lugonu.
  7886 | D:8      | Found a shadowy altar of Dithmenos.
  7912 | D:8      | Found an ornate altar of the Wu Jian Council.
  7914 | D:8      | Found a shattered altar of Ashenzari.
  7914 | D:8      | Found a radiant altar of Vehumet.
  8194 | D:8      | Found Reghercha's General Store.
  8198 | D:8      | Bought a scroll of identify for 28 gold pieces
  8294 | D:8      | Identified the ring of Neokito {rF- Int+5 Stlth--}
  8320 | D:8      | Killed Harold
  8320 | D:8      | Reached *** piety under Okawaru
  8321 | D:8      | Reached skill level 12 in Axes
  8321 | D:8      | Reached XP level 10. HP: 61/91 MP: 9/11
  8445 | D:8      | Found a staircase to the Lair.
  8631 | D:8      | Found Qetanwil's Gadget Emporium.
  8767 | D:8      | Reached **** piety under Okawaru
  9093 | D:8      | Found Oxuf's Antique Weapon Shop.
  9284 | D:8      | Found a portal to a secret trove of treasure.
  9700 | D:9      | Noticed a manticore
  9710 | D:9      | Killed a manticore
  9827 | D:9      | Got an ichor-stained short sword
  9973 | D:9      | Found a blossoming altar of Fedhas.
 10261 | D:9      | Found Zin's Purification Station.
 10262 | D:9      | Found a glowing silver altar of Zin.
 10364 | D:9      | Found a staircase to the Orcish Mines.
 10407 | D:9      | Reached skill level 13 in Axes
 10419 | D:9      | Reached skill level 10 in Fighting
 10423 | D:9      | Reached ***** piety under Okawaru
 10424 | D:9      | Reached XP level 11. HP: 67/99 MP: 11/13
 10434 | D:9      | Reached skill level 10 in Shields
 10608 | D:10     | Entered Level 10 of the Dungeon
 10718 | D:10     | Reached skill level 10 in Armour
 10734 | D:10     | Noticed a sixfirhy
 10970 | D:10     | Found Fuaz's Jewellery Boutique.
 11032 | D:10     | Noticed a purple ugly thing
 11046 | D:10     | Killed a purple ugly thing
 11200 | D:10     | Received a gift from Okawaru
 11201 | D:10     | Got a crude broad axe {god gift}
 11202 | D:10     | Identified the +6 broad axe of Noon {protect, +Blink rPois
                  | Str+2} (Okawaru gifted it to you on level 10 of the
                  | Dungeon)
 11406 | D:11     | Noticed a green ugly thing
 11418 | D:11     | Killed a green ugly thing
 11419 | D:11     | Reached skill level 5 in Invocations
 11625 | D:11     | Found Aqijyde's Magic Scroll Shoppe.
 11626 | D:11     | Noticed a death knight
 11639 | D:11     | Killed a death knight
 11790 | D:11     | Reached skill level 14 in Axes
 11799 | D:11     | Killed an unseen horror
 11883 | D:11     | Bought a scroll of identify for 22 gold pieces
 11883 | D:11     | Bought a scroll of teleportation for 33 gold pieces
 11883 | D:11     | Bought a scroll of teleportation for 33 gold pieces
 11883 | D:11     | Bought a scroll of blinking for 82 gold pieces
 11936 | D:11     | Noticed a white ugly thing
 11944 | D:11     | Killed a white ugly thing
 12103 | D:11     | Noticed Grum
 12116 | D:11     | Killed Grum
 12238 | D:11     | Noticed Kirke
 12253 | D:11     | Killed Kirke
 12253 | D:11     | Reached ****** piety under Okawaru
 12253 | D:11     | Received a gift from Okawaru
 12254 | D:11     | Reached XP level 12. HP: 96/110 MP: 15/15
 12539 | D:12     | Entered Level 12 of the Dungeon
 12557 | D:12     | Found a sacrificial altar of Ru.
 12705 | D:12     | Found a gate to the Vaults.
 12705 | D:12     | Noticed a vault guard
 12705 | D:12     | Noticed a vault guard
 12705 | D:12     | Noticed a vault guard
 12705 | D:12     | Noticed a vault guard
 12705 | D:12     | Noticed a vault guard
 12717 | D:12     | Noticed a vault guard
 12721 | D:12     | Noticed a vault guard
 12728 | D:12     | Noticed a vault guard
 13046 | D:11     | Killed a vault guard
 13135 | D:11     | Killed a vault guard
 13188 | D:12     | Killed a vault guard
 13289 | D:12     | Killed a vault guard
 13295 | D:12     | Killed a vault guard
 13296 | D:12     | Reached skill level 15 in Axes
 13409 | D:12     | Noticed a death knight
 13481 | D:11     | Killed a death knight
 13690 | D:12     | Killed a vault guard
 13764 | D:12     | Killed a vault guard
 13962 | D:12     | Noticed an eight-headed hydra
 13974 | D:12     | Killed a 13-headed hydra
 13974 | D:12     | Received a gift from Okawaru
 13998 | D:12     | Got a scorched broad axe {god gift}
 14005 | D:12     | Identified the +1 broad axe "Faigedeluz" {protect, Int+3}
                  | (Okawaru gifted it to you on level 12 of the Dungeon)
 14039 | D:12     | Noticed an ettin
 14047 | D:12     | Noticed a two-headed ogre
 14048 | D:12     | HP: 2/112 [ettin/+0 dire flail (20)]
 14050 | D:12     | Killed an ettin
 14051 | D:12     | Reached XP level 13. HP: 28/117 MP: 17/17
 14261 | D:12     | Found a staircase to the Depths.
 14522 | D:12     | Noticed Agnes
 14547 | D:12     | Killed Agnes
 14547 | D:12     | Received a gift from Okawaru
 14552 | D:12     | Got a fading quarterstaff {god gift}
 14761 | Lair:1   | Entered Level 1 of the Lair of Beasts
 14772 | Lair:1   | Reached skill level 16 in Axes
 14978 | Lair:1   | Got a fading ring mail
 15564 | Lair:2   | Found a frozen archway.
 15614 | IceCv    | Entered an ice cave
 15813 | IceCv    | Identified A Primer on Rites and Rhymes
 15887 | Lair:2   | Found a hole to the Spider Nest.
 15915 | Lair:2   | Got an ancient plate armour
 16215 | Lair:2   | Identified the cursed +1 plate armour of Anoolaymm {rF+}
                  | (You found it on level 2 of the Lair of Beasts)
 16748 | Lair:3   | Received a gift from Okawaru
 17677 | Lair:4   | Reached skill level 17 in Axes
 17711 | Lair:4   | Reached XP level 14. HP: 70/127 MP: 17/19
 18191 | Lair:4   | Found a staircase to the Swamp.
 19228 | Lair:5   | Reached skill level 1 in Dodging
 19231 | Lair:5   | Reached skill level 1 in Evocations
 19233 | Lair:5   | Received a gift from Okawaru
 19423 | Lair:6   | Entered Level 6 of the Lair of Beasts
 19866 | Lair:6   | Found a viscous altar of Jiyva.
 19866 | Lair:6   | Found a staircase to the Slime Pits.
 20179 | Lair:6   | Reached skill level 18 in Axes
 20650 | Lair:6   | Received a gift from Okawaru
 20732 | Lair:6   | Reached XP level 15. HP: 126/137 MP: 20/20
 21357 | Orc      | Entered the Orcish Mines
 21357 | Orc      | Found Yhasuc Ryi's Antique Weapon Shoppe.
 21357 | Orc      | Noticed an orc warlord
 21382 | Orc      | Paralysed by an orc sorcerer for 2 turns
 21584 | D:7      | Killed an orc warlord
 21915 | Orc      | Found a staircase to the Elven Halls.
 21939 | Orc      | Paralysed by an orc sorcerer for 2 turns
 21941 | Orc      | Found Iforin's General Store.
 21967 | Orc      | Bought a potion of heal wounds for 70 gold pieces
 21967 | Orc      | Bought a scroll of identify for 28 gold pieces
 22033 | Orc      | Found Fani's Book Boutique.
 22363 | Orc      | Found Kojieps's Gadget Shop.
 22428 | Orc      | Bought a lamp of fire for 680 gold pieces
 22562 | Orc      | Found Olavidgh's Antique Armour Emporium.
 22579 | Orc      | Bought a pair of runed boots for 232 gold pieces
 22609 | Orc      | Identified a +2 pair of boots of running (You bought it in
                  | a shop in the Orcish Mines)
 22915 | Vaults:1 | Entered Level 1 of the Vaults
 22949 | Vaults:1 | HP: 2/137 [dire elephant[an ironheart beastmaster] (13)]
 22964 | Vaults:1 | Found Sekam's Gadget Boutique.
 23668 | Vaults:1 | Found a staircase to the Crypt.
 23668 | Vaults:1 | Found an ancient bone altar of Kikubaaqudgha.
 23669 | Vaults:1 | Found a basalt altar of Yredelemnul.
 23831 | Vaults:1 | Received a gift from Okawaru
 23836 | Vaults:1 | Reached skill level 5 in Dodging
 24137 | Vaults:1 | Noticed a vault warden
 24145 | Vaults:1 | Noticed a vault warden
 24602 | Vaults:2 | Received a gift from Okawaru
 24662 | Vaults:2 | Reached skill level 19 in Axes
 25074 | Vaults:2 | Reached skill level 5 in Evocations
 25747 | Vaults:1 | Reached XP level 16. HP: 65/147 MP: 21/21
 25984 | Vaults:2 | Found a runed translucent door.
 26119 | Vaults:2 | Found Bouwerr's Assorted Antiques.
 26319 | Vaults:2 | Bought a scroll of identify for 52 gold pieces
 26319 | Vaults:2 | Bought a potion of berserk rage for 78 gold pieces
 26319 | Vaults:2 | Bought a potion of might for 104 gold pieces
 26357 | Vaults:2 | Received a gift from Okawaru
 26364 | Vaults:2 | HP: 2/147 [dire elephant[an ironheart beastmaster] (24)]
 26364 | Vaults:2 | Mangled by a dire elephant
 26365 | Vaults:2 | Reached XP level 15. HP: -8/139 MP: 6/20
 26821 | Vaults:2 | Noticed tronn's ghost (adept SDSk)
 26849 | Vaults:2 | Killed tronn's ghost
 26943 | Vaults:3 | Entered Level 3 of the Vaults
 26944 | Vaults:3 | Noticed a tengu reaver
 26945 | Vaults:3 | Noticed a shadow dragon
 27464 | Spider:1 | Entered Level 1 of the Spider Nest
 27485 | Spider:1 | Reached skill level 15 in Shields
 27677 | Spider:1 | Reached skill level 15 in Armour
 27837 | Spider:1 | Reached skill level 15 in Fighting
 27935 | Spider:1 | Reached skill level 20 in Axes
 29589 | Spider:2 | Reached XP level 16. HP: 149/149 MP: 21/21
 29849 | Spider:2 | Received a gift from Okawaru
 29875 | Spider:2 | HP: 5/149 [entropy weaver (5)]
 29875 | Spider:2 | Slain by an entropy weaver

Skill      XL: |  1  2  3  4  5  6  7  8  9 10 11 12 13 14 15 |
---------------+----------------------------------------------+-----
Axes           | 3 4 6 7 9 12 13 14 15 17 18 20 | 20.1
Shields        | 4 5 6 7 9 11 12 13 15 | 15.2
Fighting       | 4 5 6 7 9 10 11 12 13 15 | 15.1
Armour         | 4 5 6 7 9 10 11 12 13 15 | 15.2
Invocations    | 2 4 5 7 8 |  8.0
Dodging        | 3 7 |  7.7
Evocations     | 3 6 |  6.5

Action                   |  1- 3 |  4- 6 |  7- 9 | 10-12 | 13-15 | 16-18 || total
-------------------------+-------+-------+-------+-------+-------+-------++-------
Melee: War axe           |    95 |    48 |   330 |   315 |       |       ||   788
       Headbutt          |    15 |     6 |    52 |   129 |   308 |    35 ||   545
       Broad axe         |       |       |       |   271 |  1212 |   132 ||  1615
Invok: Heroism           |       |       |       |       |     5 |       ||     5
Evoke: Wand              |       |       |     5 |     4 |     8 |       ||    17
       Sack of spiders   |       |       |       |       |     2 |       ||     2
       Phial of floods   |       |       |       |       |     2 |       ||     2
  Use: Scroll            |     4 |     5 |    12 |     9 |    12 |     2 ||    44
       Potion            |       |       |     3 |     4 |     1 |     1 ||     9
 Stab: Sleeping          |     1 |       |       |       |       |       ||     1
       Invisible         |       |       |     5 |     1 |       |       ||     6
       Confused          |       |       |       |       |     3 |       ||     3
  Eat: Chunk             |     8 |     2 |    23 |    29 |    49 |     6 ||   117
       Ration            |       |       |       |     2 |     5 |       ||     7
Armor: Scale mail        |    58 |    21 |    71 |   182 |   308 |       ||   640
       Chain mail        |       |       |   106 |    13 |   263 |    72 ||   454
       Plate armour      |       |       |    29 |   119 |       |       ||   148
       Skin              |       |       |       |     2 |       |       ||     2
Dodge: Dodged            |    15 |     9 |    51 |    85 |   256 |    45 ||   461
Block: Medium shield     |    42 |    21 |   208 |   323 |   593 |    75 ||  1262
       Large shield      |       |       |       |       |   243 |    52 ||   295
